 Dungeon Crawl Stone Soup version 0.30.1-11-g7821555f0a (webtiles) character file.

Game seed: 14515561085818628878

176 anacleto the Ruffian (level 5, -4/48 HPs)
             Began as a Troll Gladiator on Dec 9, 2023.
             Slain by Duvessa
             ... wielding a +0 short sword
              (6 damage)
             ... on level 4 of the Dungeon.
             The game lasted 00:04:10 (1678 turns).

anacleto the Ruffian (Troll Gladiator)              Turns: 1678, Time: 00:04:10

Health: -4/48      AC:  4    Str: 20 (23) XL:     5   Next: 30%
Magic:  3/3        EV: 10    Int:  2 (3)  God:
Gold:   138        SH:  0    Dex: 13 (15) Spells: 4/4 levels left

rFire   . .          .
                       - Unarmed
rCold   . . .        (no shield)
rNeg    . . .        a - +0 robe
rPois   .            b - +0 hat
rElec   .            (no cloak)
rCorr   .            (gloves unavailable)
SInv    .            (boots unavailable)
Will    .....        (no amulet)
Stlth   +            (no ring)
HPRegen 1.08/turn    (no ring)
MPRegen 0.08/turn

%: no passive effects
@: weak-willed, flying
A: large, unfitting armour, claws 3, regeneration 1, shaggy fur 1, tough skin 1,
horns 1, agile 1, low MP 1, wild magic 1
a: no special abilities


You were on level 4 of the Dungeon.
You visited 1 branch of the dungeon, and saw 4 of its levels.

You collected 138 gold pieces.

Inventory:

Missiles
 c - 3 throwing nets (quivered)
 d - a large rock
Armour
 a - a +0 robe (worn)
 b - a +0 hat (worn)
Jewellery
 m - an amulet of faith
Scrolls
 e - a scroll of noise {unknown}
 g - a scroll of silence {unknown}
 h - a scroll of teleportation {unknown}
 i - a scroll of amnesia {unknown}
 j - 2 scrolls of fear {unknown}
 o - 2 scrolls of identify {unknown}
 p - a scroll of blinking {unknown}
 r - a scroll of enchant armour {unknown}
Potions
 q - a potion of heal wounds {unknown}
 s - a potion of lignification {unknown}


   Skills:
 - Level 1.5 Fighting
 + Level 2.9 Throwing
 + Level 3.2 Dodging
 * Level 4.8 Unarmed Combat


You had 4 spell levels left.
You didn't know any spells.
Your spell library contained the following spells:

 Spells                   Type           Power      Damage    Failure   Level
 Ensorcelled Hibernation  Hex/Ice        0%         N/A       77%         2
 Spider Form              Tmut/Pois      0%         N/A       93%         3
 Anguish                  Hex/Necr       0%         N/A       100%        4


Dungeon Overview and Level Annotations

Branches:
Dungeon (4/15)
 Temple: D:4-7

Altars:
Gozag

Annotations:
D:3 Grinder, Robin
D:4 Duvessa


Innate Abilities, Weirdness & Mutations

You are too large for most types of armour.
You have claws for hands.
Your natural rate of healing is unusually fast.
You are covered in fur. (AC +1)
You have tough skin. (AC +1)
You have a pair of small horns on your head.
You are agile. (Dex +4, Str/Int -1)
Your magical capacity is low. (-10% MP)
Your spells are a little harder to cast, but a little more powerful.


Message History

You scratch the goblin.
You kill the goblin!
Duvessa, Sister of Dowan comes into view.
She is wielding a +0 short sword.
Duvessa shouts!
Things that are here:
a +0 dagger; a goblin corpse
As you read the scroll labelled LIGGOSAMPOCK, it crumbles to dust.
Magic quickly surges around you.
It was a scroll of vulnerability.
A jackal comes into view.
The jackal barks!
You claw Dowan!
You kill Dowan!
Duvessa weeps, and shakes her weapon.
Duvessa goes berserk!
You hear a bark!
Duvessa rages.
You have reached level 5!
You closely miss Duvessa. Duvessa hits you with a +0 short sword!
You scratch Duvessa.
Duvessa is lightly wounded.
Duvessa hits you with a +0 short sword!
* * * LOW HITPOINT WARNING * * *
Duvessa misses you.
Okay, then.
It was a potion of flight.
You feel very buoyant.
You fly up into the air.
Duvessa barely misses you. Duvessa hits you with a +0 short sword.
* * * LOW HITPOINT WARNING * * *
You hear a bark!
It was a potion of degeneration.
There was something very wrong with that liquid.
You feel weakened.
You feel dopey.
You feel clumsy. Duvessa hits you with a +0 short sword.
* * * LOW HITPOINT WARNING * * *
It was a potion of mutation.
You feel extremely strange.
You feel agile.
You feel less energetic.
You feel less in control of your magic. A pair of horns grows on your head!
Duvessa hits you with a +0 short sword.
You die...

....#....#.....#.....
#.......###...###...
##.......#..#..#...
##..............#
#....#.......#..#
###..###........###
#..# #.$_........#..
.... ##$$$.††.......
##.. ##...)@)...##.
#....e#..##
#.###.##..# ....
#..#.... ###..
........# #.
.>........
............#
........##.#
.......... .


You could see Duvessa (berserk, weak-willed).

Vanquished Creatures
  Dowan (D:4)
  An orc wizard (D:3)
  4 adders
  A worm (D:2)
  6 ball pythons
  8 endoplasms
  3 giant cockroaches
  5 goblins
  6 hobgoblins
  A jackal (D:4)
  5 kobolds
  3 quokkas (D:2)
  5 bats
  5 frilled lizards
  A rat (D:2)
55 creatures vanquished.

Vanquished Creatures (others)
  A jackal (D:4)
1 creature vanquished.

Grand Total: 56 creatures vanquished

Notes
Turn   | Place    | Note
-------+----------+-------------------------------------------
     0 | D:1      | anacleto the Troll Gladiator began the quest for the Orb.
     0 | D:1      | Reached XP level 1. HP: 19/19 MP: 0/0
    91 | D:1      | You fall into a shaft and drop 1 floor!
   125 | D:2      | Reached XP level 2. HP: 27/27 MP: 1/1
   290 | D:2      | Reached XP level 3. HP: 33/33 MP: 2/2
   493 | D:2      | Reached skill level 4 in Unarmed Combat
   665 | D:1      | Reached XP level 4. HP: 38/41 MP: 3/3
  1534 | D:3      | Noticed Robin
  1545 | D:3      | Noticed Grinder
  1599 | D:4      | Found an opulent altar of Gozag.
  1646 | D:4      | Noticed Dowan
  1668 | D:4      | Noticed Duvessa
  1672 | D:4      | Killed Dowan
  1673 | D:4      | Reached XP level 5. HP: 28/48 MP: 4/4
  1677 | D:4      | HP: 1/48 [Duvessa/+0 short sword (5)]
  1678 | D:4      | Gained mutation: You are agile. (Dex +4, Str/Int -1)
                  | [potion of mutation]
  1678 | D:4      | Gained mutation: Your magical capacity is low. (-10% MP)
                  | [potion of mutation]
  1678 | D:4      | Gained mutation: Your spells are a little harder to cast,
                  | but a little more powerful. [potion of mutation]
  1678 | D:4      | Gained mutation: You have a pair of small horns on your
                  | head. [potion of mutation]
  1678 | D:4      | Slain by Duvessa

Illustrated notes

Levels and vault maps discovered:
D:1:      evilmike_arrival_home_sweet_home, layout_basic, minmay_crystal_room
D:2:      layout_loops_ring, minmay_misc_feat_enclosed, minmay_fractal_squares_5
D:3:      layout_basic, uniq_grinder, uniq_robin
D:4:      layout_cave_pools, nicolae_gozag_seed_capital,
          nicolae_kikubaaqudgha_miasma_corner, minmay_strange_pillars,
          hangedman_decor_clover_reticule, uniq_duvessa

Skill      XL: |  1  2  3  4 |
---------------+-------------+-----
Throwing       | 2 |  2.9
Unarmed Combat | 4 |  4.8
Dodging        | 3 |  3.2
Fighting       | |  1.5

Action                     |  1- 3 |  4- 6 || total
---------------------------+-------+-------++-------
  Melee: Unarmed           |   102 |    84 ||   186
         Punch             |       |     1 ||     1
    Use: Scroll            |       |     1 ||     1
         Potion            |       |     3 ||     3
   Stab: Sleeping          |     1 |     1 ||     2
 Armour: Robe              |    57 |    41 ||    98
  Dodge: Dodged            |    69 |    52 ||   121
